AoeStats
← 八贤王

African Clearing

503822538Analyzed
4v4 RM · 1mo ago on Sep 2, 2026· 54m 53s· 8 players
Game mode
Random Map
Map size
Large (8 player)
Population
200
Speed
Normal
Resources
Standard
Victory
Conquest
Starting age
Dark Age
Ending age
Imperial Age
RankedLock teamsTeams togetherTeam positionsShared explorationLock speedFull tech treeHidden civsTurbo modeCheats
Victory
Defeat
🇪🇸 Khmer · Spain
832
+17
🇧🇷 Gurjaras · Brazil
823
+18
🇹🇼 Mongols · Taiwan
810
+18
🇵🇪 Spanish · Peru
750
+21
🇨🇳 Japanese · China
932
-22
🇵🇱 Poles · Poland
908
-21
🇨🇳 Byzantines · China
866
-19
🇫🇮 Teutons · Finland
744
-13
Rearte7
5:04 Loom
15:00 Feudal Age
15:27 Town Watch
21:39 Castle Age
20:49 Fletching
23:35 Bodkin Arrow
24:05 Horse Collar
29:10 Murder Holes
30:05 Double-Bit Axe
32:28 Bow Saw
32:52 Gold Mining
33:27 Fervor
35:31 Heavy Plow
35:26 Stone Mining
37:11 Wheelbarrow
37:23 Ballistics
42:03 Imperial Age
40:13 Husbandry
40:22 Scale Barding Armor
40:27 Forging
41:21 Bloodlines
42:48 Kshatriyas
43:32 Chain Barding Armor
45:44 Plate Barding Armor
45:59 Treadmill Crane
47:10 Iron Casting
46:36 Bracer
47:10 Crop Rotation
47:17 Gold Shaft Mining
48:47 Stone Shaft Mining
48:34 Hand Cart
48:03 Heavy Camel Rider
49:07 Conscription
49:05 Masonry
51:25 Frontier Guards
53:58 Town Patrol
55:01 Chemistry
54:32 Sanctity
54:19 Devotion
Aihko05
8:00 Loom
17:31 Feudal Age
21:57 Castle Age
19:46 Horse Collar
20:58 Double-Bit Axe
22:45 Bloodlines
23:10 Husbandry
28:36 Forging
28:31 Scale Barding Armor
29:34 Heavy Plow
29:48 Bow Saw
34:24 Iron Casting
34:10 Chain Barding Armor
35:59 Wheelbarrow
39:59 Imperial Age
37:45 Hand Cart
42:16 Elite Battle Elephant
45:02 Crop Rotation
45:59 Tusk Swords
46:21 Conscription
47:45 Blast Furnace
52:22 Plate Barding Armor
A-Rai
5:54 Loom
14:03 Feudal Age
21:00 Castle Age
21:07 Bloodlines
35:20 Squires
35:05 Arson
34:40 Pikeman
36:51 Husbandry
37:01 Bloodlines
42:09 Fletching
42:19 Padded Archer Armor
RavenSael
3:55 Loom
13:32 Feudal Age
16:31 Double-Bit Axe
20:38 Fletching
28:14 Castle Age
27:53 Forging
28:14 Man-at-Arms
28:55 Horse Collar
32:32 Iron Casting
32:52 Stone Mining
34:41 Scale Barding Armor
34:42 Gold Mining
34:54 Heavy Plow
35:06 Bow Saw
37:10 Ballistics
36:43 Guard Tower
37:33 Murder Holes
40:58 Bloodlines
40:09 Light Cavalry
41:41 Pikeman
42:22 Squires
42:37 Husbandry
45:22 Imperial Age
42:38 Town Watch
43:55 Chain Barding Armor
43:37 Padded Archer Armor
48:10 Blast Furnace
47:12 Scale Mail Armor
47:10 Halberdier
48:28 Leather Archer Armor
47:55 Elite Skirmisher
49:52 Plate Barding Armor
49:13 Bodkin Arrow
50:55 Elite Conquistador
52:00 Supremacy
53:03 Stone Shaft Mining
53:05 Bracer
53:21 Chain Mail Armor
54:43 Chemistry
giancarlo7
15:56 Feudal Age
17:15 Wheelbarrow
16:23 Horse Collar
16:32 Double-Bit Axe
24:52 Castle Age
22:44 Stone Mining
23:24 Gold Mining
23:47 Forging
24:06 Scale Barding Armor
26:08 Hand Cart
29:27 Szlachta Privileges
34:01 Imperial Age
34:27 Chain Barding Armor
35:29 Husbandry
八贤王
3:40 Loom
14:19 Feudal Age
15:25 Double-Bit Axe
20:22 Horse Collar
20:35 Gold Mining
26:41 Castle Age
27:55 Bow Saw
27:50 Heavy Plow
28:28 Gold Shaft Mining
27:44 Stone Mining
28:10 Husbandry
40:31 Imperial Age
38:51 Scale Barding Armor
38:57 Forging
41:46 Iron Casting
41:32 Chain Barding Armor
42:15 Capped Ram
42:40 Cavalier
43:07 Siege Ram
43:15 Siege Ram
44:56 Paladin
Mitsui
5:41 Loom
15:29 Feudal Age
15:33 Man-at-Arms
17:23 Town Watch
17:28 Double-Bit Axe
25:36 Castle Age
31:35 Squires
31:42 Scale Mail Armor
33:49 Horse Collar
34:17 Arson
39:51 Bow Saw
42:53 Imperial Age
43:55 Conscription
44:16 Pikeman
44:54 Gold Mining
46:59 Wheelbarrow
45:56 Elite Skirmisher
dundergubbe
7:29 Loom
15:44 Feudal Age
27:08 Castle Age
25:06 Double-Bit Axe
25:10 Horse Collar
29:04 Bloodlines
28:28 Pikeman
30:00 Gold Mining
31:52 Scale Barding Armor
32:00 Forging
43:22 Imperial Age
45:40 Conscription
44:44 Cavalier
47:12 Chain Barding Armor
47:29 Iron Casting
Connection lost

Rejoining the realm…

Still unreachable

The connection could not be restored.

Session expired

The server has moved on; the page needs a fresh start.